Workbook

Sheet An 1 Coût Structure financement
A1: PROGRAMME DE DÉVELOPPEMENT TERRITORIAL ET SECTORIEL 2026-2027 Coût et structure de financement
L2: PDTS 2026-09
A3: SOUS-VOLET 1.2 – COORDINATION DE LA CONCERTATION Secteurs agroalimentaires | G3: Paramètres d’aide financière annuels sur les dépenses admissibles
A4: Titre du projet | G4: Taux maximal d’aide financière | I4: 0.8 | J4: Taux maximum de cumul des aides financières publiques | L4: 0.8
A5: Demandeur | G5: Montant minimal d’aide financière | I5: 5000 | J5: Contribution minimale en argent et nature | L5: 0.2
A6: No de dossier | G6: Montant maximal d’aide financière | I6: 100000 | J6: Contribution minimale en argent (portion de l'aide financière excédant 50 000 $) | L6: 0.1
G7: Période de financement | I7: Du 1er janvier au 31 décembre 2027
A9: Veuillez vous référer au document Instructions – Coût et structure de financement avant de remplir le fichier ainsi qu’au Guide du demandeur, disponibles sur le site Web Québec.ca, sous la rubrique Agriculture. Vous avez des questions ou besoin d’aide? Communiquez avec le Programme à pdts.sectoriel@mapaq.gouv.qc.ca.
A11: 1re ANNÉE DU PROJET
A12: SECTION 1 – DESCRIPTION DES DÉPENSES ANNUELLES ADMISSIBLES QUI SONT DIRECTEMENT LIÉES À LA RÉALISATION DU PROJET
A13: DÉPENSES | I13: RÉPARTITION DU FINANCEMENT DES DÉPENSES
A14: 1.1 – AGENTS DE CONCERTATION | H14: Coût de la dépense admissible ($) (avant taxes) | I14: Contribution du demandeur ou des partenaires | K14: Autre aide gouvernementale ($) | L14: Aide financière demandée au Programme ($)
A15: Honoraires à titre d'experts externes, y compris les frais de déplacement et de séjour | I15: En argent ($) (conserver les factures) | J15: En nature ($)
A16: Exemple : Firme ABC 35 000 $ dont 100 $ pour frais de déplacement et de séjour | H16: 35000 | I16: 5000 | J16: Sans objet | L16: =H16-I16-K16 -> 30000
L17: =H17-I17-K17 -> 0
L18: =H18-I18-K18 -> 0
L19: =H19-I19-K19 -> 0
A20: Salaire à titre de contractuels | H20: Coût de la dépense admissible ($) (avant taxes) | I20: Contribution du demandeur ou des partenaires | K20: Autre aide gouvernementale ($) | L20: Aide financière demandée au Programme ($)
A21: Nom | C21: Organisation associée | D21: Catégorie d’emploi | E21: Taux horaire réel ($) | F21: Charges sociales (%) | G21: Heures prévues | I21: En argent ($) (conserver les factures) | J21: En nature ($)
A22: Exemple : Jacques Untel | C22: Regroupement ABC | D22: Agronome | E22: 52 | F22: 0.26 | G22: 1500 | H22: =ROUND((E22+(E22*F22))*G22,0) -> 98280 | J22: Sans objet | L22: =H22-I22-K22 -> 98280
D23: (À sélectionner) | F23: 0.26 | H23: =ROUND((E23+(E23*F23))*G23,0) -> 0 | L23: =H23-I23-J23-K23 -> 0
D24: (À sélectionner) | F24: 0.26 | H24: =ROUND((E24+(E24*F24))*G24,0) -> 0 | L24: =H24-I24-J24-K24 -> 0
D25: (À sélectionner) | F25: 0.26 | H25: =ROUND((E25+(E25*F25))*G25,0) -> 0 | L25: =H25-I25-J25-K25 -> 0
A26: Sous-total des agents de concertation | H26: =SUM(H17:H19)+SUM(H23:H25) -> 0 | I26: =SUM(I17:I19)+SUM(I23:I25) -> 0 | K26: =SUM(K17:K19)+SUM(K23:K25) -> 0 | L26: =SUM(L17:L19)+SUM(L23:L25) -> 0
A28: 1.2 – SALAIRE DU PERSONNEL DU DEMANDEUR ET DES PARTENAIRES | H28: Coût de la dépense admissible ($) | I28: Contribution du demandeur ou des partenaires | K28: Autre aide gouvernementale ($) | L28: Aide financière demandée au Programme ($)
A29: Nom | C29: Organisation associée | D29: Catégorie d’emploi | E29: Taux horaire réel ($) | F29: Charges sociales (%) | G29: Heures prévues | I29: En argent ($) | J29: En nature ($)
A30: Exemple : Jacques Untel | C30: Regroupement ABC | D30: Agronome | E30: 52 | F30: 0.26 | G30: 10 | H30: =ROUND((E30+(E30*F30))*G30,0) -> 655 | I30: Sans objet | J30: =H30 -> 655 | K30: Sans objet | L30: Sans objet
D31: (À sélectionner) | F31: 0.26 | H31: =ROUND((E31+(E31*F31))*G31,0) -> 0 | J31: =H31 -> 0
D32: (À sélectionner) | F32: 0.26 | H32: =ROUND((E32+(E32*F32))*G32,0) -> 0 | J32: =H32 -> 0
D33: (À sélectionner) | F33: 0.26 | H33: =ROUND((E33+(E33*F33))*G33,0) -> 0 | J33: =H33 -> 0
D34: (À sélectionner) | F34: 0.26 | H34: =ROUND((E34+(E34*F34))*G34,0) -> 0 | J34: =H34 -> 0
D35: (À sélectionner) | F35: 0.26 | H35: =ROUND((E35+(E35*F35))*G35,0) -> 0 | J35: =H35 -> 0
D36: (À sélectionner) | F36: 0.26 | H36: =ROUND((E36+(E36*F36))*G36,0) -> 0 | J36: =H36 -> 0
D37: (À sélectionner) | F37: 0.26 | H37: =ROUND((E37+(E37*F37))*G37,0) -> 0 | J37: =H37 -> 0
D38: (À sélectionner) | F38: 0.26 | H38: =ROUND((E38+(E38*F38))*G38,0) -> 0 | J38: =H38 -> 0
D39: (À sélectionner) | F39: 0.26 | H39: =ROUND((E39+(E39*F39))*G39,0) -> 0 | J39: =H39 -> 0
D40: (À sélectionner) | F40: 0.26 | H40: =ROUND((E40+(E40*F40))*G40,0) -> 0 | J40: =H40 -> 0
D41: (À sélectionner) | F41: 0.26 | H41: =ROUND((E41+(E41*F41))*G41,0) -> 0 | J41: =H41 -> 0
D42: (À sélectionner) | F42: 0.26 | H42: =ROUND((E42+(E42*F42))*G42,0) -> 0 | J42: =H42 -> 0
... D45: (À sélectionner) | F45: 0.26 | H45: =ROUND((E45+(E45*F45))*G45,0) -> 0 | J45: =H45 -> 0
A46: Sous-total du salaire du personnel | H46: =SUM(H31:H45) -> 0 | J46: =SUM(J31:J45) -> 0
A48: 1.3 – FRAIS DE DÉPLACEMENT ET DE SÉJOUR DU DEMANDEUR ET DES PARTENAIRES | G48: BARÈMES | H48: Coût de la dépense admissible ($) (avant taxes) | I48: Contribution du demandeur ou des partenaires | K48: Autre aide gouvernementale ($) | L48: Aide financière demandée au Programme ($)
A49: Type de frais | C49: Détails | I49: En argent ($) (conserver les factures) | J49: En nature ($)
A50: Exemple : | C50: Déplacement : 3 allers-retours Qc-Mtl env. 750 km / Frais de repas : 3 dîners / Frais d’hébergement : 1 nuitée à Québec | H50: 500 | L50: =H50-I50-J50-K50 -> 500
A51: Déplacement (km) | L51: =H51-I51-J51-K51 -> 0
A52: Frais de repas | L52: =H52-I52-J52-K52 -> 0
A53: Frais d’hébergement | L53: =H53-I53-J53-K53 -> 0
A54: Sous-total des frais de déplacement et de séjour | H54: =SUM(H51:H53) -> 0 | I54: =SUM(I51:I53) -> 0 | J54: =SUM(J51:J53) -> 0 | K54: =SUM(K51:K53) -> 0 | L54: =SUM(L51:L53) -> 0
A56: 1.4 – AUTRES FRAIS LIÉS À LA RÉALISATION DU PROJET (Frais de communication, frais d'acquisition de données, location de salles et d’équipements pour la tenue d'une activité) | H56: Coût de la dépense admissible ($) (avant taxes) | I56: Contribution du demandeur ou des partenaires | K56: Autre aide gouvernementale ($) | L56: Aide financière demandée au Programme ($)
I57: En argent ($) (conserver les factures) | J57: En nature ($)
A58: Location de salle & équipements | C58: Exemple : 2 locations de salle pour rencontre du comité filière à 300 $/jour | H58: 600 | J58: 300 | L58: =H58-I58-J58-K58 -> 300
A59: (À sélectionner) | L59: =H59-I59-J59-K59 -> 0
A60: (À sélectionner) | L60: =H60-I60-J60-K60 -> 0
A61: (À sélectionner) | L61: =H61-I61-J61-K61 -> 0
A62: (À sélectionner) | L62: =H62-I62-J62-K62 -> 0
A63: (À sélectionner) | L63: =H63-I63-J63-K63 -> 0
A64: Sous-total des autres frais | H64: =SUM(H59:H63) -> 0 | I64: =SUM(I59:I63) -> 0 | J64: =SUM(J59:J63) -> 0 | K64: =SUM(K59:K63) -> 0 | L64: =SUM(L59:L63) -> 0
A66: Sous-total des dépenses admissibles avant les FA | H66: =SUM(H26+H46+H54+H64) -> 0 | I66: =SUM(I26+I46+I54+I64) -> 0 | J66: =SUM(J26+J46+J54+J64) -> 0 | K66: =SUM(K26+K46+K54+K64) -> 0 | L66: =SUM(L26+L46+L54+L64) -> 0
A68: 1.5 – FRAIS D’ADMINISTRATION (FA) | H68: Maximum des FA admissibles | I68: Montant des FA en contribution nature | K68: Montant des FA demandé en aide financière
A69: Inscrire le montant de FA considéré en contribution en nature dans la cellule « Montant des FA en contribution nature » et/ou celui demandé au Programme dans la cellule « Montant des FA demandés en aide financière ». Si le taux maximal d’aide financière (80 %) ou le plafond de 100 000 $ sont atteints, les frais d’administration ne pourront pas être réclamés en aide financière. Ils resteront toutefois admissibles comme contribution en nature.
H70: =ROUNDDOWN(L66*0.15,0) -> 0
H72: Total des dépenses admissibles | I72: Total des contributions en argent | J72: Total des contributions en nature | K72: Total des autres aides gouv. | L72: Total de l’aide financière demandée au Programme
A73: Total annuel, incluant les FA | H73: =H26+H46+H54+H64+K70+I70 -> 0 | I73: =I26+I54+I64 -> 0 | J73: =J26+J46+J54+J64+I70 -> 0 | K73: =K26+K54+K64 -> 0 | L73: =L26+L54+L64+K70 -> 0
I74: =I73+J73 -> 0 | K74: =K73+L73 -> 0
A75: Pourcentage des dépenses admissibles selon la catégorie | H75: =IF($H$73>0,H73/($H$73),0) -> 0 | I75: =IF($H$73>0,I73/($H$73),0) -> 0 | J75: =IF(Source!A112=6,0,IF($H$73>0,J73/($H$73),0)) -> 0 | K75: =IF($H$73>0,K73/($H$73),0) -> 0 | L75: =IFERROR(L73/H73,0) -> 0
I76: =I75+J75 -> 0 | K76: =K75+L75 -> 0
A77: Montant minimal de contribution en argent nécessaire selon le montant d’aide financière demandé | H77: =IF(L73<=50000,0,(L73-50000)*0.1) -> 0
J78: BILAN DE LA DEMANDE 1re ANNÉE
A79: Erreurs à corriger, s’il y a lieu : | J79: Coût total du projet | K79: =H73 -> 0
A80: =IF(H73=H101,"","Veuillez remplir la section 2 ci-dessous. Le total des dépenses de la section 1 doit être égal au total des contributions de la section 2.")
A81: =IF(L73=0,"",(IF(L73>I6,"Montant maximal d’aide financière dépassé (max. 100 000 $/année)",IF(L73<I5,"Montant minimal d’aide financière non atteint (min. 5 000 $/année)","")))) | J81: Aide totale demandée au Programme | K81: =L73 -> 0
A82: =IF(L75=0,"",IF(L75>I4,"Taux maximal d'aide financière dépassé (80 % des dépenses admissibles)",""))
A83: =IF(H77="","",IF(I73<H77,"Montant minimal de la contribution en argent non atteint (10 % de l’aide financière annuelle excédant 50 000 $)",""))
A84: =IF(L75+K75>L4,"Taux maximal du cumul des aides financières publiques dépassé (80 % des dépenses admissibles annuelles)","") | J84: Contributions du demandeur et des partenaires | K84: =I74 -> 0
A85: =IF((I70+K70)<=H70,"","Le maximum de FA admissibles est dépassé de "&(I70+K70-H70)&" $") | K85: dont
K86: =IF(I73="","",TEXT(I73,"# ##0")&" $ en argent") -> 0 $ en argent
A87: SECTION 2 – STRUCTURE DE FINANCEMENT ANNUELLE
A88: Contributeur (demandeur, partenaire, ministère, organisme, société d’État, autre [précisez]) | C88: Précision sur la source de financement (subvention, fonds propres, prêt bancaire, prêt gouvernemental, bourse, autre source de financement [précisez]) | E88: Confirmation du financement (confirmé ou non confirmé) | F88: Montant de la contribution en argent ($) | G88: Montant de la contribution en nature ($) | H88: Total de la contribution ($)
A89: MAPAQ – Programme de développement territorial et sectoriel | C89: Subvention | H89: =L73 -> 0
A90: Autre aide gouvernementale | E90: (À sélectionner) | H90: =K73 -> 0
A91: Demandeur | C91: Frais d’administration sous forme de contribution en nature | G91: =I70 -> 0 | H91: =G91 -> 0
A92: Demandeur (autres contributions) | E92: (À sélectionner) | H92: =F92+G92 -> 0
A93: Partenaires :
E94: (À sélectionner) | H94: =F94+G94 -> 0
E95: (À sélectionner) | H95: =F95+G95 -> 0
E96: (À sélectionner) | H96: =F96+G96 -> 0
E97: (À sélectionner) | H97: =F97+G97 -> 0
E98: (À sélectionner) | H98: =F98+G98 -> 0
E99: (À sélectionner) | H99: =F99+G99 -> 0
E100: (À sélectionner) | H100: =F100+G100 -> 0
A101: Financement du coût total du projet | F101: =SUM(F89:F100) -> 0 | G101: =SUM(G89:G100) -> 0 | H101: =SUM(H89:H100) -> 0

Sheet An 2 Coût Structure financement
A1: PROGRAMME DE DÉVELOPPEMENT TERRITORIAL ET SECTORIEL 2026-2027 Coût et structure de financement
L2: PDTS 2026-09
A3: SOUS-VOLET 1.2 – COORDINATION DE LA CONCERTATION Secteurs agroalimentaires | G3: Paramètres d’aide financière annuels sur les dépenses admissibles
A4: Titre du projet | B4: =IF('An 1 Coût Structure financement'!B4="","",'An 1 Coût Structure financement'!B4) | G4: Taux maximal d’aide financière | I4: 0.8 | J4: Taux maximum de cumul des aides financières publiques | L4: 0.8
A5: Demandeur | B5: =IF('An 1 Coût Structure financement'!B5="","",'An 1 Coût Structure financement'!B5) | G5: Montant minimal d’aide financière | I5: 5000 | J5: Contribution minimale en argent et nature | L5: 0.2
A6: No de dossier | G6: Montant maximal d’aide financière | I6: 100000 | J6: Contribution minimale en argent (portion de l'aide financière excédant 50 000 $) | L6: 0.1
G7: Période de financement | I7: Du 1er janvier au 31 décembre 2028
A9: Veuillez vous référer au document Instructions – Coût et structure de financement avant de remplir le fichier ainsi qu’au Guide du demandeur, disponibles sur le site Web Québec.ca, sous la rubrique Agriculture. Vous avez des questions ou besoin d’aide? Communiquez avec le Programme à pdts.sectoriel@mapaq.gouv.qc.ca.
A11: 2e ANNÉE DU PROJET
A12: SECTION 1 – DESCRIPTION DES DÉPENSES ANNUELLES ADMISSIBLES QUI SONT DIRECTEMENT LIÉES À LA RÉALISATION DU PROJET
A13: DÉPENSES | I13: RÉPARTITION DU FINANCEMENT DES DÉPENSES
A14: 1.1 – AGENTS DE CONCERTATION | H14: Coût de la dépense admissible ($) (avant taxes) | I14: Contribution du demandeur ou des partenaires | K14: Autre aide gouvernementale ($) | L14: Aide financière demandée au Programme ($)
A15: Honoraires à titre d'experts externes, y compris les frais de déplacement et de séjour | I15: En argent ($) (conserver les factures) | J15: En nature ($)
A16: Exemple : Firme ABC 35 000 $ dont 100 $ pour frais de déplacement et de séjour | H16: 35000 | I16: 5000 | J16: Sans objet | L16: =H16-I16-K16 -> 30000
L17: =H17-I17-K17 -> 0
L18: =H18-I18-K18 -> 0
L19: =H19-I19-K19 -> 0
A20: Salaire à titre de contractuels | H20: Coût de la dépense admissible ($) (avant taxes) | I20: Contribution du demandeur ou des partenaires | K20: Autre aide gouvernementale ($) | L20: Aide financière demandée au Programme ($)
A21: Nom | C21: Organisation associée | D21: Catégorie d’emploi | E21: Taux horaire réel ($) | F21: Charges sociales (%) | G21: Heures prévues | I21: En argent ($) (conserver les factures) | J21: En nature ($)
A22: Exemple : Jacques Untel | C22: Regroupement ABC | D22: Agronome | E22: 52 | F22: 0.26 | G22: 1500 | H22: =ROUND((E22+(E22*F22))*G22,0) -> 98280 | J22: Sans objet | L22: =H22-I22-K22 -> 98280
D23: (À sélectionner) | F23: 0.26 | H23: =ROUND((E23+(E23*F23))*G23,0) -> 0 | L23: =H23-I23-J23-K23 -> 0
D24: (À sélectionner) | F24: 0.26 | H24: =ROUND((E24+(E24*F24))*G24,0) -> 0 | L24: =H24-I24-J24-K24 -> 0
D25: (À sélectionner) | F25: 0.26 | H25: =ROUND((E25+(E25*F25))*G25,0) -> 0 | L25: =H25-I25-J25-K25 -> 0
A26: Sous-total des agents de concertation | H26: =SUM(H17:H19)+SUM(H23:H25) -> 0 | I26: =SUM(I17:I19)+SUM(I23:I25) -> 0 | K26: =SUM(K17:K19)+SUM(K23:K25) -> 0 | L26: =SUM(L17:L19)+SUM(L23:L25) -> 0
A28: 1.2 – SALAIRE DU PERSONNEL DU DEMANDEUR ET DES PARTENAIRES | H28: Coût de la dépense admissible ($) | I28: Contribution du demandeur ou des partenaires | K28: Autre aide gouvernementale ($) | L28: Aide financière demandée au Programme ($)
A29: Nom | C29: Organisation associée | D29: Catégorie d’emploi | E29: Taux horaire réel ($) | F29: Charges sociales (%) | G29: Heures prévues | I29: En argent ($) | J29: En nature ($)
A30: Exemple : Jacques Untel | C30: Regroupement ABC | D30: Agronome | E30: 52 | F30: 0.26 | G30: 10 | H30: =ROUND((E30+(E30*F30))*G30,0) -> 655 | I30: Sans objet | J30: =H30 -> 655 | K30: Sans objet | L30: Sans objet
D31: (À sélectionner) | F31: 0.26 | H31: =ROUND((E31+(E31*F31))*G31,0) -> 0 | J31: =H31 -> 0
D32: (À sélectionner) | F32: 0.26 | H32: =ROUND((E32+(E32*F32))*G32,0) -> 0 | J32: =H32 -> 0
D33: (À sélectionner) | F33: 0.26 | H33: =ROUND((E33+(E33*F33))*G33,0) -> 0 | J33: =H33 -> 0
D34: (À sélectionner) | F34: 0.26 | H34: =ROUND((E34+(E34*F34))*G34,0) -> 0 | J34: =H34 -> 0
D35: (À sélectionner) | F35: 0.26 | H35: =ROUND((E35+(E35*F35))*G35,0) -> 0 | J35: =H35 -> 0
D36: (À sélectionner) | F36: 0.26 | H36: =ROUND((E36+(E36*F36))*G36,0) -> 0 | J36: =H36 -> 0
D37: (À sélectionner) | F37: 0.26 | H37: =ROUND((E37+(E37*F37))*G37,0) -> 0 | J37: =H37 -> 0
D38: (À sélectionner) | F38: 0.26 | H38: =ROUND((E38+(E38*F38))*G38,0) -> 0 | J38: =H38 -> 0
D39: (À sélectionner) | F39: 0.26 | H39: =ROUND((E39+(E39*F39))*G39,0) -> 0 | J39: =H39 -> 0
D40: (À sélectionner) | F40: 0.26 | H40: =ROUND((E40+(E40*F40))*G40,0) -> 0 | J40: =H40 -> 0
D41: (À sélectionner) | F41: 0.26 | H41: =ROUND((E41+(E41*F41))*G41,0) -> 0 | J41: =H41 -> 0
D42: (À sélectionner) | F42: 0.26 | H42: =ROUND((E42+(E42*F42))*G42,0) -> 0 | J42: =H42 -> 0
... D45: (À sélectionner) | F45: 0.26 | H45: =ROUND((E45+(E45*F45))*G45,0) -> 0 | J45: =H45 -> 0
A46: Sous-total du salaire du personnel | H46: =SUM(H31:H45) -> 0 | J46: =SUM(J31:J45) -> 0
A48: 1.3 – FRAIS DE DÉPLACEMENT ET DE SÉJOUR DU DEMANDEUR ET DES PARTENAIRES | G48: BARÈMES | H48: Coût de la dépense admissible ($) (avant taxes) | I48: Contribution du demandeur ou des partenaires | K48: Autre aide gouvernementale ($) | L48: Aide financière demandée au Programme ($)
A49: Type de frais | C49: Détails | I49: En argent ($) (conserver les factures) | J49: En nature ($)
A50: Exemple : | C50: Déplacement : 3 allers-retours Qc-Mtl env. 750 km / Frais de repas : 3 dîners / Frais d’hébergement : 1 nuitée à Québec | H50: 500 | L50: =H50-I50-J50-K50 -> 500
A51: Déplacement (km) | L51: =H51-I51-J51-K51 -> 0
A52: Frais de repas | L52: =H52-I52-J52-K52 -> 0
A53: Frais d’hébergement | L53: =H53-I53-J53-K53 -> 0
A54: Sous-total des frais de déplacement et de séjour | H54: =SUM(H51:H53) -> 0 | I54: =SUM(I51:I53) -> 0 | J54: =SUM(J51:J53) -> 0 | K54: =SUM(K51:K53) -> 0 | L54: =SUM(L51:L53) -> 0
A56: 1.4 – AUTRES FRAIS LIÉS À LA RÉALISATION DU PROJET (Frais de communication, frais d'acquisition de données, location de salles et d’équipements pour la tenue d'une activité) | H56: Coût de la dépense admissible ($) (avant taxes) | I56: Contribution du demandeur ou des partenaires | K56: Autre aide gouvernementale ($) | L56: Aide financière demandée au Programme ($)
I57: En argent ($) (conserver les factures) | J57: En nature ($)
A58: Location de salle & équipements | C58: Exemple : 2 locations de salle pour rencontre du comité filière à 300 $/jour | H58: 600 | J58: 300 | L58: =H58-I58-J58-K58 -> 300
A59: (À sélectionner) | L59: =H59-I59-J59-K59 -> 0
A60: (À sélectionner) | L60: =H60-I60-J60-K60 -> 0
A61: (À sélectionner) | L61: =H61-I61-J61-K61 -> 0
A62: (À sélectionner) | L62: =H62-I62-J62-K62 -> 0
A63: (À sélectionner) | L63: =H63-I63-J63-K63 -> 0
A64: Sous-total des autres frais | H64: =SUM(H59:H63) -> 0 | I64: =SUM(I59:I63) -> 0 | J64: =SUM(J59:J63) -> 0 | K64: =SUM(K59:K63) -> 0 | L64: =SUM(L59:L63) -> 0
A66: Sous-total des dépenses admissibles avant les FA | H66: =SUM(H26+H46+H54+H64) -> 0 | I66: =SUM(I26+I46+I54+I64) -> 0 | J66: =SUM(J26+J46+J54+J64) -> 0 | K66: =SUM(K26+K46+K54+K64) -> 0 | L66: =SUM(L26+L46+L54+L64) -> 0
A68: 1.5 – FRAIS D’ADMINISTRATION (FA) | H68: Maximum des FA admissibles | I68: Montant des FA en contribution nature | K68: Montant des FA demandé en aide financière
A69: Inscrire le montant de FA considéré en contribution en nature dans la cellule « Montant des FA en contribution nature » et/ou celui demandé au Programme dans la cellule « Montant des FA demandés en aide financière ». Si le taux maximal d’aide financière (80 %) ou le plafond de 100 000 $ sont atteints, les frais d’administration ne pourront pas être réclamés en aide financière. Ils resteront toutefois admissibles comme contribution en nature.
H70: =ROUNDDOWN(L66*0.15,0) -> 0
H72: Total des dépenses admissibles | I72: Total des contributions en argent | J72: Total des contributions en nature | K72: Total des autres aides gouv. | L72: Total de l’aide financière demandée au Programme
A73: Total annuel, incluant les FA | H73: =H26+H46+H54+H64+K70+I70 -> 0 | I73: =I26+I54+I64 -> 0 | J73: =J26+J46+J54+J64+I70 -> 0 | K73: =K26+K54+K64 -> 0 | L73: =L26+L54+L64+K70 -> 0
I74: =I73+J73 -> 0 | K74: =K73+L73 -> 0
A75: Pourcentage des dépenses admissibles selon la catégorie | H75: =IF($H$73>0,H73/($H$73),0) -> 0 | I75: =IF($H$73>0,I73/($H$73),0) -> 0 | J75: =IF(Source!A112=6,0,IF($H$73>0,J73/($H$73),0)) -> 0 | K75: =IF($H$73>0,K73/($H$73),0) -> 0 | L75: =IFERROR(L73/H73,0) -> 0
I76: =I75+J75 -> 0 | K76: =K75+L75 -> 0
A77: Montant minimal de contribution en argent nécessaire selon le montant d’aide financière demandé | H77: =IF(L73<=50000,0,(L73-50000)*0.1) -> 0
J78: BILAN DE LA DEMANDE 2e ANNÉE
A79: Erreurs à corriger, s’il y a lieu : | J79: Coût total du projet | K79: =H73 -> 0
A80: =IF(H73=H100,"","Veuillez remplir la section 2 ci-dessous. Le total des dépenses de la section 1 doit être égal au total des contributions de la section 2.")
A81: =IF(L73=0,"",(IF(L73>I6,"Montant maximal d’aide financière dépassé (max. 100 000 $/année)",IF(L73<I5,"Montant minimal d’aide financière non atteint (min. 5 000 $/année)","")))) | J81: Aide totale demandée au Programme | K81: =L73 -> 0
A82: =IF(L75=0,"",IF(L75>I4,"Taux maximal d'aide financière dépassé (80 % des dépenses admissibles)",""))
A83: =IF(H77="","",IF(I73<H77,"Montant minimal de la contribution en argent non atteint (10 % de l’aide financière annuelle excédant 50 000 $)",""))
A84: =IF(L75+K75>L4,"Taux maximal du cumul des aides financières publiques dépassé (80 % des dépenses admissibles annuelles)","") | J84: Contributions du demandeur et des partenaires | K84: =I74 -> 0
A85: =IF((I70+K70)<=H70,"","Le maximum de FA admissibles est dépassé de "&(I70+K70-H70)&" $") | K85: dont
K86: =IF(I73="","",TEXT(I73,"# ##0")&" $ en argent") -> 0 $ en argent
A87: SECTION 2 – STRUCTURE DE FINANCEMENT ANNUELLE
A88: Contributeur (demandeur, partenaire, ministère, organisme, société d’État, autre [précisez]) | C88: Précision sur la source de financement (subvention, fonds propres, prêt bancaire, prêt gouvernemental, bourse, autre source de financement [précisez]) | E88: Confirmation du financement (confirmé ou non confirmé) | F88: Montant de la contribution en argent ($) | G88: Montant de la contribution en nature ($) | H88: Total de la contribution ($)
A89: MAPAQ – Programme de développement territorial et sectoriel | C89: Subvention | H89: =L73 -> 0
A90: Autre aide gouvernementale | E90: (À sélectionner) | H90: =K73 -> 0
A91: Demandeur | C91: Frais d’administration sous forme de contribution en nature | G91: =I70 -> 0 | H91: =G91 -> 0
A92: Demandeur (autres contributions) | E92: (À sélectionner) | H92: =F92+G92 -> 0
A93: Partenaires :
E94: (À sélectionner) | H94: =F94+G94 -> 0
E95: (À sélectionner) | H95: =F95+G95 -> 0
E96: (À sélectionner) | H96: =F96+G96 -> 0
E97: (À sélectionner) | H97: =F97+G97 -> 0
E98: (À sélectionner) | H98: =F98+G98 -> 0
E99: (À sélectionner) | H99: =F99+G99 -> 0
E100: (À sélectionner) | H100: =F100+G100 -> 0
A101: Financement du coût total du projet | F101: =SUM(F89:F100) -> 0 | G101: =SUM(G89:G100) -> 0 | H101: =SUM(H89:H100) -> 0

Sheet Résumé aide financière (1 an)
A1: Cette page sera remplie par le Ministère
A2: Aide financière demandée | D2: Rappel – Convention
A3: Aide financière totale | B3: ='An 1 Coût Structure financement'!L73 -> 0 | D3: Aide financière totale
D4: Avance
A6: Résumé de l'aide financière | D6: Commentaires MAPAQ
A7: Aide financière validée et versée
A9: Résumé des versements
A10: Description | B10: Versements
A11: Versement début (avance) (Convention) | B11: =E4 -> 0
A12: Versement fin (solde) | B12: =IF(B13<0,"Aucun, car résiduel de :","")
B13: =IF(B7="","",B7-B11)

Sheet Résumé aide financière (2 ans)
A1: Cette page sera remplie par le Ministère
A2: Aide financière demandée | D2: Rappel – Convention
A3: Aide financière totale | B3: =B4+B5 -> 0 | D3: Aide financière totale
A4: Aide financière année 1 | B4: ='An 1 Coût Structure financement'!L73 -> 0 | D4: Aide financière année 1
A5: Aide financière année 2 | B5: ='An 2 Coût Structure financement'!L73 -> 0 | D5: Aide financière année 2
D6: Avance année 1
D7: Avance année 2
A9: Résumé de l'aide financière
A10: Année 1 | D10: Année 2 | G10: Total
A11: État | B11: En cours | D11: État | E11: Non débutée | G11: État | H11: En cours
A12: Aide financière prévue (Convention) | B12: =E4 -> 0 | D12: Aide financière prévue (Convention) | E12: =E5 -> 0 | G12: Aide financière prévue (Convention) | H12: =B12+E12 -> 0
D13: Montant d'aide financière disponible selon l'aide non utilisée (an 1) (100 000 $/année max.) | E13: =IF(B21="",0,MIN(E12+IF(B15="S.O.",0,B15),100000)) -> 0
A14: Aide financière validée et versée | D14: Aide financière validée et versée | G14: Aide financière validée et versée | H14: =B14+E14 -> 0
A15: Aide non utilisée, disponible pour l'année 2 (100 000 $/année max.) | B15: =IF(B12-B14=0,"S.O.",B12-B14) -> S.O.
A16: Résumé des versements
A17: Année 1 | D17: Année 2
A18: Description | B18: Versements | D18: Description | E18: Versements
A19: Versement début (avance) (Convention) | B19: =E6 -> 0 | D19: Résiduel - année précédente | E19: =IF(B21<0,ABS(B21),0) -> 0
A20: Versement fin (solde) | B20: =IF(B21<0,"Aucun, car résiduel de :","") | D20: Versement début (avance) | E20: =E7-E19 -> 0
B21: =IF(B14="","",B14-B19) | D21: Somme (résiduel et avance) | E21: =E19+E20 -> 0
D22: Versement fin (solde) | E22: =IF(E23<0,"Aucun, car résiduel de :","")
E23: =IF(E14="","",E14-E21)
A25: Commentaires MAPAQ | D25: Commentaires MAPAQ

Sheet Résumé aide financière (3 ans)
A1: Cette page sera remplie par le Ministère
A2: Aide financière demandée | D2: Rappel – Convention
A3: Aide financière totale | B3: =B4+B5 -> 0 | D3: Aide financière totale
A4: Aide financière année 1 | B4: ='An 1 Coût Structure financement'!L73 -> 0 | D4: Aide financière année 1
A5: Aide financière année 2 | B5: ='An 2 Coût Structure financement'!L73 -> 0 | D5: Aide financière année 2
A6: Aide financnière année 3 | D6: Aide financnière année 3
D7: Avance année 1
D8: Avance année 2
D9: Avance année 3
A11: Résumé de l'aide financière
A12: Année 1 | D12: Année 2 | G12: Année 3 | J12: Total
A13: État | B13: En cours | D13: État | E13: Non débutée | G13: État | H13: Non débutée | J13: État | K13: En cours
A14: Aide financière prévue (Convention) | B14: =E4 -> 0 | D14: Aide financière prévue (Convention) | E14: =E5 -> 0 | G14: Aide financière prévue (Convention) | H14: =E6 -> 0 | J14: Aide financière prévue (Convention) | K14: =B14+E14+H14 -> 0
D15: Montant d'aide financière disponible selon l'aide non utilisée (an 1) (100 000 $/année max.) | E15: =IF(B23="",0,MIN(E14+IF(B17="S.O.",0,B17),100000)) -> 0 | G15: Montant d'aide financière disponible selon l'aide non utilisée (ans 1 et 2) (100 000 $/année max.) | H15: =IF(E24="",0,MIN(B3-B16-E16,100000)) -> 0
A16: Aide financière validée et versée | D16: Aide financière validée et versée | G16: Aide financière validée et versée | J16: Aide financière validée et versée | K16: =B16+E16+H16 -> 0
A17: Aide non utilisée, disponible pour les années 2 et 3 (100 000 $/année max.) | B17: =IF(B14-B16=0,"S.O.",B14-B16) -> S.O. | D17: Aide non utilisée, disponible pour l'année 3 (100 000 $/année max.) | E17: =IFERROR(IF(E25="",0,MIN(MAX((B4+E15)-(B16+E16),0),100000)),"") -> 0
A18: Résumé des versements
A19: Année 1 | D19: Année 2 | G19: Année 3
A20: Description | B20: Versements | D20: Description | E20: Versements | G20: Description | H20: Versements
A21: Versement début (avance) (Convention) | B21: =E7 -> 0 | D21: Résiduel - année précédente | E21: =IF(B23<0,ABS(B23),0) -> 0 | G21: Résiduel - année précédente | H21: =IF(E25<0,ABS(E25),0) -> 0
A22: Versement fin (solde) | B22: =IF(B23<0,"Aucun, car résiduel de :","") | D22: Versement début (avance) | E22: =E8-E21 -> 0 | G22: Versement début (avance) | H22: =E9-H21 -> 0
B23: =IF(B16="","",B16-B21) | D23: Somme (résiduel et avance) (Convention) | E23: =E21+E22 -> 0 | G23: Somme (résiduel et avance) (Convention) | H23: =H21+H22 -> 0
D24: Versement fin (solde) | E24: =IF(E25<0,"Aucun, car résiduel de :","") | G24: Versement fin (solde) | H24: =IF(H25<0,"Aucun, car résiduel de :","")
E25: =IF(E16="","",E16-E23) | H25: =IF(H16="","",H16-H23)
A27: Commentaires MAPAQ | D27: Commentaires MAPAQ | G27: Commentaires MAPAQ

Sheet Source
A1: Dépenses autorisées
A2: Oui
A3: Non
A4: Partiellement
A5: Statut - Documents
A6: Conforme
A7: Non conforme
A8: Questions : Contributeurs
A9: Oui
A10: Non
A11: Contribution
A12: (À sélectionner)
... A15: En argent et nature
A16: Profils | B16: PDTS | C16: Colonne1
A17: (À sélectionner) | B17: (À sélectionner) | C17: (À sélectionner)
A18: Agronome | B18: Agronome | C18: Agronome
A19: Chercheur(-euse) universitaire | B19: Chercheur(euse) universitaire | C19: Aide pêcheur(-cheuse)
A20: Chercheur(-euse) de centre de recherche | B20: Chercheur(euse) de centre de recherche | C20: Chercheur(-euse) universitaire
A21: Étudiant(e) salarié(e) – postdoctorat | B21: Directeur(trice) | C21: Chercheur(-euse) de centre de recherche
A22: Étudiant(e) salarié(e) – 3e cycle | B22: Étudiant(e) | C22: Étudiant(e) salarié(e) – postdoctorat
A23: Étudiant(e) salarié(e) – 2e cycle | B23: Ingénieur(e) | C23: Étudiant(e) salarié(e) – 3e cycle
A24: Étudiant(e) salarié(e) – 1er cycle | B24: Ouvrier(ière) agricole | C24: Étudiant(e) salarié(e) – 2e cycle
A25: Étudiant(e) salarié(e) (autre) | B25: Producteur(trice) agricole | C25: Étudiant(e) salarié(e) – 1er cycle
A26: Ingénieur(e) | B26: Professionnel(le) de recherche | C26: Étudiant(e) salarié(e) (autre)
A27: Ouvrier(-ière) | B27: Technicien(ne) | C27: Ingénieur(e)
... A30: Technicien(ne) | B30: Autre | C30: Producteur(-trice) agricole
A31: Vétérinaire | C31: Producteur(-trice) aquacole
A32: Autre professionnel(le) | C32: Professionnel(le) de recherche
A33: Autre | C33: Technicien(ne)
A34: Demandeur ou partenaire | B34: Colonne1 | C34: Vétérinaire
A35: (À sélectionner) | C35: Autre professionnel(le)
A36: Programme de développement territorial et sectoriel | C36: Autre
A37: Demandeur
A38: Partenaire
A39: ='An 1 Coût Structure financement'!C92 -> 0 | B39: Partenaires 1
A40: ='An 1 Coût Structure financement'!C93 -> 0 | B40: Partenaires 2
A41: ='An 1 Coût Structure financement'!C94 -> 0 | B41: Partenaires 3
A42: ='An 1 Coût Structure financement'!C95 -> 0 | B42: Partenaires 4
A43: ='An 1 Coût Structure financement'!C96 -> 0 | B43: Partenaires 5
A44: Volets | B44: No selon le volet
A45: (À sélectionner) | B45: 0
A46: Sous-volet 1.1 — Planifications | B46: 1
A47: Sous-volet 1.2 — Coordination de la concertation | B47: 2
A48: Sous-volet 2.1 — Projets de développement du secteur agroalimentaire | B48: 3
A49: Sous-volet 2.2 — Projets de développement territorial – entreprises privées | B49: 4
A50: Sous-volet 2.2 — Projets de développement territorial – autres demandeurs | B50: 5
A51: Sous-volet 2.3 — Projets de développement du secteur des pêches et de l'aquaculture commerciales – projets structurants d'intérêt collectif | B51: 6
A52: Sous-volet 2.3 — Projets de développement du secteur des pêches et de l'aquaculture commerciales – projets d'intérêt collectif de mise en valeur du secteur | B52: 7
A53: Clientèle | B53: No selon la clientèle | C53: Sous-volet 1.1 | D53: Sous-volet 1.2 | E53: Sous-volet 2.1 | F53: Sous-volet 2.2 Entreprises privées | G53: Sous-volet 2.2 Autres demandeurs | H53: Sous-volet 2.3 - Structurants | I53: Sous-volet 2.3 - Mise en valeur
A54: (À sélectionner) | B54: CL0
A55: Associations du secteur des pêches et de l’aquaculture commerciales | B55: CL1 | H55: Oui | I55: Oui
A56: Associations ou regroupements d’entreprises du secteur agroalimentaire | B56: CL2 | C56: Oui | D56: Oui | E56: Oui
A57: Communautés ou nations autochtones reconnues par l’Assemblée nationale du Québec | B57: CL3 | C57: Oui | G57: Oui | I57: Oui
A58: Coopératives | B58: CL4 | G58: Oui | I58: Oui
A59: Entités municipales | B59: CL5 | C59: Oui | G59: Oui | I59: Oui
A60: Entreprises privées | B60: CL6 | F60: Oui
A61: Établissements de recherche | B61: CL7 | C61: Oui | D61: Oui | E61: Oui
A62: Établissements de transfert technologique | B62: CL8 | C62: Oui | D62: Oui | E62: Oui
A63: Organismes à but non lucratif | B63: CL9 | G63: Oui | H63: Oui | I63: Oui
A64: Organismes régionaux de promotion et de commercialisation des produits bioalimentaires | B64: CL10 | I64: Oui
A65: Structures de concertation sectorielle | B65: CL11 | C65: Oui | D65: Oui | E65: Oui
A66: Structures de concertation territoriale ou des organismes mandatés | B66: CL12 | C66: Oui | D66: Oui
A67: Table filière de l’aquaculture en eau douce du Québec | B67: CL13 | H67: Oui | I67: Oui
A68: Taux d'aide
A69: 0.5
A70: 0.8
A71: Type de financement (autre)
A72: (À sélectionner)
A73: Autres programmes du MAPAQ
A74: Autre financement public
A75: Autres
A76: Financement autre programme confirmé
A77: (À sélectionner)
A78: Confirmé
A79: Non confirmé
A80: Priorités
A81: (À sélectionner)
A82: Bonification de 10 % pour les projets dont les coûts sont affectés par le caractère unique lié à l'insularité et à l'isolement en raison de la position géographique de l'agglomération des Îles-de-la-Madeleine
A83: Sans objet
A84: Durée | B84: Durée en absolue
A85: (À sélectionner) | B85: 0
A86: 1 an | B86: 1
A87: 2 ans | B87: 2
A88: 3 ans | B88: 3
A89: Montant d'aide | B89: Montant minimum
A90: Sous-volet 1.1 — Planifications | B90: 0
A91: 100000 | B91: Maximum incluant FA
A92: 5000 | B92: Minimum incluant FA
A93: Aide financière
A94: 0.7 | B94: Maximum
A95: 0.7 | B95: Maximum du Cumul
A96: Frais d'administration % des dépenses admissibles
A97: 0.15
A99: Minimum de contribution en espèce
A100: 0.1 | B100: des dépenses admissibles
A102: AUTRES FRAIS LIÉS À LA RÉALISATION DU PROJET
A103: (À sélectionner)
A104: Communication
A105: Acquisition de données
A106: Location de salle & équipements
